 Dungeon Sprint DCSS version 0.31-a0-841-g038b102fc3 (webtiles) character file.

Game seed: 8360105779649568021

63 sircluck the Ruffian (level 3, -2/60 HPs)
             Began as a Troll Berserker on Sept 27, 2023.
             Was a Follower of Trog.
             Slain by Gastronok (23 damage)
             ... in the Dungeon (Sprint VII: "The Pits").
             The game lasted 00:00:08 (31 turns).

sircluck the Ruffian (Troll Berserker)                Turns: 31, Time: 00:00:08

Health: -2/60      AC:  4    Str: 27    XL:     3   Next: 87%
Magic:  2/2        EV: 10    Int:  3    God:    Trog [*.....]
Gold:   0          SH:  0    Dex:  9    Spells: 2/2 levels left

rFire   . .          .
                       - Unarmed
rCold   . . .        (no shield)
rNeg    . . .        a - +0 animal skin
rPois   .            (helmet restricted)
rElec   .            (no cloak)
rCorr   .            (gloves unavailable)
SInv    .            (boots unavailable)
Will    .....        (no amulet) Stlth
                     (no ring)
HPRegen 1.10/turn    (no ring)
MPRegen 0.08/turn

%: no teleportation
@: berserking (expiring), very quick
A: large, unfitting armour, claws 3, regeneration 1, shaggy fur 1, tough skin 1
a: Renounce Religion, Berserk


You were in the Dungeon.
You worshipped Trog.
Trog was aware of your devotion.
You visited 1 branch

Inventory:

Armour
 a - a +0 animal skin (worn)
Scrolls
 g - a scroll of blinking
Potions
 b - a potion of curing
 c - a potion of heal wounds
 d - a potion of haste
 e - 2 potions of magic
 f - a potion of berserk rage


   Skills:
 + Level 4.4 Fighting
 + Level 4.3 Dodging
 + Level 5.2 Unarmed Combat


You had 2 spell levels left.
You didn't know any spells.
Your spell library was empty.

Dungeon Overview and Level Annotations

Branches:
Dungeon (1/1)

Altars:

Annotations:
D Gastronok


Innate Abilities, Weirdness & Mutations

You are too large for most types of armour.
You have claws for hands.
Your natural rate of healing is unusually fast.
You are covered in fur. (AC +1)
You have tough skin. (AC +1)


Message History

You open the huge gate.
There is a huge open gate to the Metal Vault (Medium) here.
There is a huge open gate to the Metal Vault (Medium) here.
You open the gate.
A bullfrog and Gastronok come into view.
The bullfrog gives a loud, deep croak!
Gastronok gurgles horribly!
You fail to use your ability.
Gastronok gurgles, "A snack!
A snack!"
A red film seems to cover your vision as you go berserk!
You feel yourself moving faster!
You feel mighty!
You mangle the bullfrog!!
The bullfrog is almost dead.
The bullfrog hits you!
You claw the bullfrog!
You kill the bullfrog!
Trog accepts your kill.
Gastronok makes a strange noise.
Your Fighting skill gained 2 levels and is now at level 4!
Your Dodging skill gained 2 levels and is now at level 4!
Your Unarmed Combat skill gained 2 levels and is now at level 5!
You have reached level 2!
You have reached level 3!
Your experience leads to an increase in your attributes!
Increase (S)trength, (I)ntelligence, or (D)exterity?
You feel stronger. x3
Unknown command.
There is an open gate, spattered with blood here.
You see here a bullfrog corpse.
You feel a strong urge to attack something.
Gastronok bites you!!
Ouch! That really hurt!
You claw Gastronok!
Gastronok is lightly wounded.
You mangle Gastronok!!
Gastronok is moderately wounded.
You claw Gastronok!
Gastronok is moderately wounded.
Gastronok bites you!!
You die...
Gastronok gurgles, "About time.
I'm starving!"

#................#
####'#####''######
#.......##''#
#.......##..#
#.......##..#
#...<...##..####
#.......##..#..###
#.......##..#....##
#.......##..†.@w..#
##########..'.....+
#..'.....#
#..#....##
#..#..### #..####
#..# #..#


You could see Gastronok.

Vanquished Creatures
  A bullfrog (D)
1 creature vanquished.

Notes
Turn   | Place    | Note
-------+----------+-------------------------------------------
     0 | D        | sircluck the Troll Berserker began the quest for the Orb.
     0 | D        | Reached XP level 1. HP: 22/22 MP: 0/0
    21 | D        | Noticed a bullfrog
    21 | D        | Noticed Gastronok
    25 | D        | Killed a bullfrog
    26 | D        | Reached skill level 5 in Unarmed Combat
    26 | D        | Reached XP level 2. HP: 33/33 MP: 1/1
    26 | D        | Reached XP level 3. HP: 40/40 MP: 2/2
    31 | D        | Slain by Gastronok

Illustrated notes

Levels and vault maps discovered:
D:        pitsprint [storerooms_1, entrance_room_1, metal_vault_1, armoury_3,
          mini_pit_1, grid_room_1, main_hall_1, silver_pit, the_coven_1,
          the_vestibule_1, steel_vault_1, golden_pit, hallway_of_sentries,
          crystal_vault_1, iron_vault_4, final_vault]

Skill      XL: |  1 |
---------------+----+-----
Fighting       | 4 |  4.4
Dodging        | 4 |  4.3
Unarmed Combat | 5 |  5.2

Action                     || total
---------------------------++-------
  Melee: Unarmed           ||     5
 Invoke: Berserk           ||     1
 Armour: Animal skin       ||     3

Table legend: (Time is in decaauts)
 A = Elapsed time spent in this place.
 B = Non-inter-level travel time spent in this place.
 C = Inter-level travel time spent in this place.
 D = Time resting spent in this place.
 E = Time spent auto-exploring this place.
 F = Levels seen in this place.
 G = Mean time per level.
                   A        B        C        D        E       F      G
               +--------+--------+--------+--------+--------+-----+--------+
         Total |     28 |     28 |      0 |      0 |     21 |   1 |   28.0 |
       Dungeon |     28 |     28 |      0 |      0 |     21 |   1 |   28.0 |
               +--------+--------+--------+--------+--------+-----+--------+

Top non-repeatable levels by time:
       D: 28 daAuts
